 Dungeon Crawl Stone Soup version 0.21.0-25-ge575cb9 (webtiles) character file.

127094 theElss the Bludgeoner (level 17, -15/113 HPs)
             Began as a Gargoyle Berserker on Jan 22, 2018.
             Was the Champion of Trog.
             Killed by the raging water
             ... invoked by a water nymph
              (24 damage)
             ... on level 2 of the Shoals.
             The game lasted 02:02:33 (28897 turns).

theElss the Bludgeoner (Gargoyle Berserker)        Turns: 28897, Time: 02:02:35

Health: -15/113    AC: 34    Str: 30    XL:     17   Next: 0%
Magic:  21/21      EV: 13    Int:  6    God:    Trog [******]
Gold:   3151       SH: 19    Dex: 11    Spells: 16/16 levels left

rFire    . . .     SeeInvis .   a - +1 morningstar of Psychosis {drain, Dex+2}
rCold    + + .     Gourm    .   Z - +2 shield of Divine Intervention {rC+ Str+2}
rNeg     + . .     Faith    .   s - +2 chain mail {rC+}
rPois    ∞         Spirit   .   t - +0 helmet
rElec    +         Reflect  +   V - +0 cloak
rCorr    .         Harm     .   o - +1 pair of gloves
MR       +....                  m - +0 pair of boots
Stlth    ..........             I - +2 amulet of reflection
HPRegen  0.28/turn              q - +2 ring of evasion
MPRegen  0.17/turn              W - +4 ring of slaying

@: flying, hasted and slowed
A: big wings, dopey 1, negative energy resistance 1, electricity resistance,
unbreathing, petrification resistance, rot immunity, AC +12
a: Stop Flying, Berserk, Trog's Hand, Brothers in Arms, Burn Spellbooks,
Renounce Religion


You were on level 2 of the Shoals.
You worshipped Trog.
Trog was exalted by your worship.
You were not hungry.

You visited 4 branches of the dungeon, and saw 25 of its levels.
You also visited: Ossuary and Ice Cave.

You collected 3331 gold pieces.
You spent 180 gold pieces at shops.

Inventory:

Hand Weapons
 a - the +1 morningstar of Psychosis (weapon) {drain, Dex+2}
   (You found it on level 1 of the Orcish Mines)

   A truly terrible weapon, it drains the life of those it strikes.
   It affects your dexterity (+2).
 b - a +3 hunting sling of flaming
 f - a +2 hunting sling of flaming
 y - a +8 antimagic demon whip
 U - the +5 eveningstar of Enaan {crush, MR+ Stlth+}
   (Trog gifted it to you in an ice cave)

   It inflicts extra damage upon your enemies.
   It affects your resistance to hostile enchantments.
   It makes you more stealthy.
Missiles
 e - 372 sling bullets
Armour
 m - a +0 pair of boots (worn)
 o - a +1 pair of gloves (worn)
 s - a +2 chain mail of cold resistance (worn)
 t - a +0 helmet (worn)
 F - a +2 plate armour of poison resistance
 V - a +0 cloak (worn)
 Z - the +2 shield of Divine Intervention (worn) {rC+ Str+2}
   (You found it on level 4 of the Lair of Beasts)

   It affects your strength (+2).
   It protects you from cold.
Jewellery
 q - a +2 ring of evasion (left hand)
 I - a +2 amulet of reflection (around neck)
 K - an uncursed ring of resist corrosion
 L - an uncursed ring of positive energy
 P - an uncursed ring of ice
 S - an uncursed ring of magical power
 T - an uncursed ring of fire
 W - a +4 ring of slaying (right hand)
 Y - an uncursed ring of teleportation
Wands
 d - a wand of enslavement (13)
 G - a wand of disintegration (7)
 M - a wand of scattershot (5)
 N - a wand of flame (45)
 O - a wand of iceblast (11)
Scrolls
 h - 12 scrolls of remove curse
 i - a scroll of identify
 k - 4 scrolls of fog
 p - 10 scrolls of enchant weapon
 v - 2 scrolls of enchant armour
 z - 15 scrolls of teleportation
 E - 2 scrolls of holy word {unknown}
 J - 2 scrolls of fear {unknown}
Potions
 l - a potion of agility {unknown}
 n - 2 potions of haste
 r - 6 potions of brilliance
 u - 6 potions of might
 w - 12 potions of curing
 A - a potion of heal wounds {unknown}
 B - 8 potions of lignification
 H - a potion of ambrosia {unknown}
 Q - a potion of cancellation {unknown}
Books
 g - a book of Spatial Translocations

   Spells                             Type                      Level
   a - Blink                          Translocation                2
   b - Shroud of Golubria             Charms/Translocation         2
   c - Lesser Beckoning               Translocation                3
   d - Gell's Gravitas                Translocation                3
   e - Teleport Other                 Translocation                3
   f - Passage of Golubria            Translocation                4
   Trog disapproves of the use of such an item.
 j - a book of Air

   Spells                             Type                      Level
   a - Shock                          Conjuration/Air              1
   b - Swiftness                      Charms/Air                   2
   c - Static Discharge               Conjuration/Air              3
   d - Airstrike                      Air                          4
   e - Lightning Bolt                 Conjuration/Air              5
   Trog disapproves of the use of such an item.
 C - a book of Power

   Spells                             Type                      Level
   a - Iskenderun's Battlesphere      Conjuration/Charms           5
   b - Venom Bolt                     Conjuration/Poison           5
   c - Bolt of Magma                  Conjuration/Fire/Earth       5
   d - Iron Shot                      Conjuration/Earth            6
   e - Orb of Destruction             Conjuration                  7
   f - Spellforged Servitor           Conjuration/Summoning        7
   Trog disapproves of the use of such an item.
Miscellaneous
 x - a lamp of fire (inert)
 D - a box of beasts
 X - a phantom mirror
Comestibles
 c - 41 rations
 R - a chunk of flesh


   Skills:
 + Level 15.5 Fighting
 - Level 16.0 Maces & Flails
 - Level 3.7(4.5) Slings
 - Level 3.8(4.6) Throwing
 + Level 12.7 Armour
 - Level 5.0 Dodging
 - Level 15.0 Shields
 * Level 5.6 Evocations


You had 16 spell levels left.
You didn't know any spells.

Dungeon Overview and Level Annotations

Branches:
Dungeon (15/15)            Temple (0/1) D:5            Lair (6/6) D:11
 Shoals (2/4) Lair:4        Snake (0/4) Lair:3        Slime (0/5) Lair:5
    Orc (2/2) D:9             Elf (0/3) Orc:2        Vaults (0/5) D:14
 Depths (0/5) D:15

Altars:
Cheibriados
Dithmenos
Okawaru
Ru
Sif Muna
Trog
Uskayaw
Wu Jian
Yredelemnul
Zin
The Shining One
Beogh

Shops:
D:5 (   D:6 [((*   D:14 [   Orc:2 ([*:

Annotations:
D:7 Prince Ribbit


Innate Abilities, Weirdness & Mutations

You are resistant to torment.
Your stone body is resilient. (AC +12)
You are immune to poison.
Your large and strong wings let you fly indefinitely.
You resist negative energy. (rN+)
You are resistant to electric shocks. (rElec)
You can survive without breathing.
You are immune to petrification.
You are immune to rotting.
You are dopey. (Int -2)


Message History

The air twists around and violently strikes you in flight!
The faun casts a spell at you.
You feel as though you will be slow longer.
You see here a sling bullet.
The merfolk closely misses you. You block the water nymph's attack.
The merfolk closely misses you. The water nymph completely misses you.
The water nymph casts a spell at you. The water rises up and strikes you!
* * * LOW HITPOINT WARNING * * *
The merfolk closely misses you. The water nymph casts a spell at you.
The water rises up and strikes you!
* * * LOW HITPOINT WARNING * * *
You feel yourself speed up. You block the water nymph's attack.
The merfolk barely misses you. The water nymph casts a spell at you.
The water rises up and strikes you! The water nymph casts a spell at you.
The water rises up and strikes you!
You die...

≈≈≈≈≈≈≈≈≈≈≈≈≈≈≈≈≈≈≈≈≈≈
≈≈≈≈≈≈≈≈≈≈≈≈≈≈≈≈≈≈≈≈≈≈≈≈
≈≈≈≈≈≈≈≈≈≈≈≈≈≈≈≈≈≈≈≈≈≈≈≈
≈≈≈≈≈≈...≈≈≈≈(≈≈≈≈≈≈≈≈≈≈
≈≈≈≈≈≈≈.....≈≈≈≈≈≈≈≈≈≈≈≈≈
≈≈≈≈≈≈≈≈...##≈≈≈≈≈)≈≈≈≈≈≈≈≈
≈≈≈≈≈≈≈≈≈..<.≈.≈≈≈≈≈≈≈≈≈≈≈≈
≈≈≈≈≈≈≈≈≈≈≈≈≈..≈≈≈≈≈≈≈≈≈≈≈≈
≈≈≈≈≈≈≈≈≈≈@≈....≈≈≈≈≈≈≈≈≈≈≈
≈≈≈≈≈≈≈≈≈≈m.....≈≈≈≈≈≈≈≈≈≈≈
≈≈≈≈≈≈≈≈m≈(≈.....≈≈≈≈≈≈≈≈≈≈
≈≈≈≈≈≈≈.H.k##.##.≈≈≈≈≈≈≈≈≈.
≈≈≈≈≈≈≈.(..#.###.≈≈≈≈≈≈≈≈≈.
≈≈≈≈≈≈≈≈≈≈≈.......≈≈≈≈≈≈≈.#
≈≈≈≈≈m≈≈c≈≈≈!...#.....≈≈≈..
≈≈≈≈≈≈≈≈≈≈≈≈.##.##.....≈≈≈≈
≈≈≈.≈≈≈≈≈≈≈..######.≈≈≈..≈≈


You could see a wind drake, a merfolk, a faun, a manticore and 2 water nymphs.

Vanquished Creatures
  A frost giant (IceCv)
  4 orc warlords
  The ghost of Feta the Blocker, a journeyman HOFi of the Shining One (Orc:1)
  Nessos (Lair:4)
  An ettin (D:15)
  Snorg (D:12)
  A merfolk impaler (Shoals:1)
  A fire dragon (D:10)
  Harold (D:10)
  7 vault guards (D:14)
  8 hydras
  A merfolk avatar (Shoals:2)
  A catoblepas (Lair:6)
  7 centaur warriors
  The ghost of Frank the Carver, a journeyman OpFi of Wu Jian (Lair:1)
  3 tengu warriors
  4 two-headed ogres
  An ogre mage (D:15)
  9 death yaks
  An orc high priest (Orc:2)
  Urug (D:12)
  An unseen horror (D:15)
  The ghost of Amaterasu the Thaumaturge, a novice DEFE (D:6)
  A deep troll (D:15)
  8 orc knights
  5 ugly things
  A wolf spider zombie (D:12)
  5 oklob plants (Lair:6)
  7 manticores
  7 orc sorcerers
  3 cyclopes
  2 centaur zombies
  2 merfolk sirens (Shoals:1)
  2 black mambas
  11 elephants
  Joseph (D:9)
  An ice statue (IceCv)
  2 centaur skeletons
  A spiny frog (shapeshifter) (D:13)
  2 water nymphs (Shoals:1)
  A gargoyle (D:10)
  12 komodo dragons
  8 spiny frogs
  2 efreet
  4 yaktaurs (D:15)
  3 rime drakes
  A troll (shapeshifter) (D:14)
  A freezing wraith (D:14)
  A queen bee (shapeshifter) (D:15)
  3 wind drakes
  3 meliai (D:14)
  6 merfolk
  5 trolls
  16 polar bears
  5 dream sheep
  2 hippogriffs
  7 hornets
  17 blink frogs
  8 slime creatures
  A snapping turtle (Shoals:2)
  Sigmund (D:2)
  17 spriggans
  2 shadows
  4 wraiths
  2 water elementals
  2 wyverns
  5 basilisks
  57 yaks
  A steam dragon (D:13)
  2 hungry ghosts
  7 wargs
  A naga (Lair:3)
  10 vampire mosquitoes
  2 soldier ants
  An acid dragon (D:14)
  9 water moccasins
  5 porcupines
  A sky beast (D:15)
  8 black bears
  2 ice beasts
  40 orc warriors
  9 boggarts
  12 ogres
  4 phantoms
  2 necrophages
  67 wolves
  25 centaurs
  20 crocodiles
  Blork the orc (D:4)
  3 big kobolds
  27 bullfrogs
  A wyvern zombie (D:13)
  4 scorpions
  6 killer bees
  7 wights
  4 howler monkeys (D:9)
  7 jellies
  A bullfrog zombie (D:6)
  10 crimson imps
  A quasit (D:7)
  3 bullfrog skeletons
  17 orc priests
  7 hounds
  2 iguanas
  30 orc wizards
  17 hell rats
  15 worker ants
  2 big kobold zombies (Ossuary)
  4 mummies (Ossuary)
  A worker ant zombie (D:11)
  Robin (D:4)
  8 adders
  3 gnolls (D:5)
  12 river rats (Lair:3)
  3 shadow imps
  12 white imps (Lair:4)
  An adder zombie (D:8)
  2 adder skeletons
  A worm (D:3)
  2 dart slugs
  6 leopard geckos
  84 orcs
  2 giant cockroaches
  2 gnoll zombies (Ossuary)
  19 goblins
  8 hobgoblins
  10 jackals
  10 quokkas
  12 bats
  A frilled lizard (D:1)
  A goblin zombie (Ossuary)
  A hobgoblin zombie (Ossuary)
  A jackal zombie (D:6)
  22 kobolds
  A kobold zombie (Ossuary)
  A leopard gecko skeleton (D:6)
  A leopard gecko zombie (D:6)
  An orc zombie (Ossuary)
  13 rats
  A fungus (Lair:6)
  3 plants (Lair:2)
958 creatures vanquished.

Vanquished Creatures (others)
  A centaur warrior (D:14)
  A yak (IceCv)
  3 centaurs
  A jelly (D:14)
  An orc wizard (D:8)
  An adder (D:2)
  An orc (Orc:2)
  A bat (D:2)
  2 jackals (D:2)
  A kobold (D:2)
  16 fungi
  16 plants
45 creatures vanquished.

Grand Total: 1003 creatures vanquished

Notes
Turn   | Place    | Note
-------+----------+-------------------------------------------
     0 | D:1      | theElss the Gargoyle Berserker began the quest for the Orb.
     0 | D:1      | Reached XP level 1. HP: 14/14 MP: 1/1
   149 | D:1      | Reached XP level 2. HP: 15/19 MP: 2/2
   687 | D:2      | Found a runed door.
   687 | D:2      | Noticed a human
   690 | D:2      | Found a basalt altar of Yredelemnul.
   692 | D:2      | Reached XP level 3. HP: 23/23 MP: 3/3
   803 | D:2      | Reached ** piety under Trog
   823 | D:2      | Noticed Sigmund
   831 | D:2      | Killed Sigmund
   831 | D:2      | Reached skill level 4 in Maces & Flails
   831 | D:2      | Reached XP level 4. HP: 30/30 MP: 4/4
   831 | D:2      | Reached XP level 5. HP: 34/34 MP: 5/5
  1384 | D:3      | Reached skill level 5 in Maces & Flails
  1401 | D:3      | Reached XP level 6. HP: 36/39 MP: 6/6
  1677 | D:3      | Found a transporter.
  1698 | D:3      | Found a glowing golden altar of the Shining One.
  1699 | D:3      | Found a glowing silver altar of Zin.
  1699 | D:3      | Noticed a phantom
  1736 | D:3      | Reached *** piety under Trog
  1974 | D:3      | Found a transporter.
  1987 | D:3      | Found a deep blue altar of Sif Muna.
  2084 | D:3      | Found a bloodstained altar of Trog.
  2277 | D:4      | Noticed Blork the orc
  2286 | D:4      | Killed Blork the orc
  2286 | D:4      | Reached skill level 6 in Maces & Flails
  2286 | D:4      | Reached XP level 7. HP: 44/44 MP: 7/7
  2443 | D:4      | Noticed Robin
  2460 | D:4      | Found a sand-covered staircase.
  2511 | D:4      | Killed Robin
  2562 | Ossuary  | Entered an ossuary
  2610 | Ossuary  | Reached skill level 5 in Fighting
  3450 | D:5      | Entered Level 5 of the Dungeon
  3452 | D:5      | Found a staircase to the Ecumenical Temple.
  3691 | D:5      | Reached skill level 7 in Maces & Flails
  3691 | D:5      | Reached skill level 1 in Throwing
  3691 | D:5      | Reached XP level 8. HP: 48/49 MP: 8/8
  3700 | D:5      | Noticed a hippogriff
  3708 | D:5      | Killed a hippogriff
  3708 | D:5      | Reached skill level 1 in Slings
  3922 | D:5      | Found Ysmey's Antique Weapon Shoppe.
  4117 | D:5      | Received a gift from Trog
  4314 | D:6      | Noticed Amaterasu's ghost (novice DEFE)
  4482 | D:6      | Killed Amaterasu's ghost
  4482 | D:6      | Reached skill level 8 in Maces & Flails
  4482 | D:6      | Reached skill level 5 in Armour
  4482 | D:6      | Reached XP level 9. HP: 42/55 MP: 9/9
  4557 | D:6      | Found Misk's Antique Weapon Shop.
  4871 | D:6      | Reached **** piety under Trog
  5250 | D:6      | Found Doczejik's Weapon Emporium.
  5298 | D:6      | Found Mumel's Antique Armour Shop.
  5415 | D:6      | Found Dogg's Assorted Antiques.
  5562 | D:7      | Reached skill level 9 in Maces & Flails
  5707 | D:7      | Noticed Prince Ribbit
  5707 | D:7      | Noticed a troll
  5767 | D:7      | Killed a troll
  6155 | D:7      | Found an ornate altar of the Wu Jian Council.
  6156 | D:7      | Found a shadowy altar of Dithmenos.
  6164 | D:7      | Found a hide-covered altar of Uskayaw.
  6400 | D:7      | Reached XP level 10. HP: 59/61 MP: 10/10
  6491 | D:7      | Got a heavily runed buckler
  6497 | D:7      | Identified the cursed +0 buckler "Fapticunk" {+Inv Str+3} (You found it on level 7 of the Dungeon)
  6726 | D:8      | Reached skill level 1 in Shields
  7044 | D:8      | Reached skill level 5 in Shields
  7092 | D:8      | Found an iron altar of Okawaru.
  7535 | D:9      | Reached skill level 10 in Maces & Flails
  7648 | D:9      | Noticed Joseph
  7663 | D:9      | Killed Joseph
  7960 | D:9      | Reached ***** piety under Trog
  8067 | D:9      | Found a snail-covered altar of Cheibriados.
  8067 | D:9      | Found a sacrificial altar of Ru.
  8488 | D:9      | Found a staircase to the Orcish Mines.
  8519 | D:10     | Entered Level 10 of the Dungeon
  8558 | D:10     | Noticed a gargoyle
  8566 | D:10     | Killed a gargoyle
  8690 | D:10     | Reached skill level 11 in Maces & Flails
  8690 | D:10     | Reached XP level 11. HP: 62/67 MP: 11/11
  8894 | D:10     | Received a gift from Trog
  9206 | D:10     | Noticed Harold
  9217 | D:10     | Killed Harold
  9545 | D:10     | Noticed a fire dragon
  9557 | D:10     | Killed a fire dragon
  9557 | D:10     | Reached skill level 12 in Maces & Flails
  9740 | D:11     | Noticed a white ugly thing
  9751 | D:11     | Killed a white ugly thing
  9831 | D:11     | Found a staircase to the Lair.
  9879 | D:11     | Noticed a manticore
  9891 | D:11     | Killed a manticore
 10670 | D:11     | Noticed a two-headed ogre
 10676 | D:11     | Killed a two-headed ogre
 10676 | D:11     | Reached XP level 12. HP: 76/76 MP: 4/12
 10984 | D:12     | Noticed a two-headed ogre
 10989 | D:12     | Killed a two-headed ogre
 11125 | D:12     | Noticed Urug
 11128 | D:12     | Noticed Snorg
 11139 | D:12     | Killed Urug
 11139 | D:12     | Reached skill level 13 in Maces & Flails
 11151 | D:12     | Killed Snorg
 11390 | D:12     | Received a gift from Trog
 11704 | D:12     | Reached skill level 10 in Fighting
 11940 | D:12     | Noticed a centaur warrior
 11951 | D:12     | Killed a centaur warrior
 12486 | D:13     | Noticed a centaur warrior
 12495 | D:13     | Killed a centaur warrior
 12495 | D:13     | Reached skill level 10 in Armour
 12592 | D:13     | Received a gift from Trog
 13477 | D:6      | Bought a pair of embroidered boots for 180 gold pieces
 13915 | Lair:1   | Entered Level 1 of the Lair of Beasts
 14022 | Lair:1   | Noticed a six-headed hydra
 14032 | Lair:1   | Killed a six-headed hydra
 14032 | Lair:1   | Reached skill level 14 in Maces & Flails
 14032 | Lair:1   | Reached XP level 13. HP: 76/84 MP: 4/13
 14377 | Lair:1   | Noticed Frank's ghost (journeyman OpFi)
 14397 | Lair:1   | Killed Frank's ghost
 15048 | Lair:2   | Received a gift from Trog
 15904 | Lair:3   | Found a staircase to the Snake Pit.
 16010 | Lair:3   | Reached skill level 5 in Dodging
 16662 | Lair:4   | Got a translucent shield
 16721 | Lair:4   | Reached ****** piety under Trog
 16722 | Lair:4   | Found a frozen archway.
 16787 | Lair:4   | Identified the +2 shield of Divine Intervention {rC+ Str+2} (You found it on level 4 of the Lair of Beasts)
 16794 | IceCv    | Entered an ice cave
 17043 | IceCv    | Got a tattered robe
 17082 | IceCv    | Received a gift from Trog
 17268 | IceCv    | Gained mutation: Your large and strong wings let you fly indefinitely. [Gargoyle growth]
 17268 | IceCv    | Reached XP level 14. HP: 92/92 MP: 4/14
 17295 | IceCv    | Received a gift from Trog
 17298 | IceCv    | Got a shimmering eveningstar {god gift}
 17299 | IceCv    | Identified the +5 eveningstar of Enaan {crush, MR+ Stlth+} (Trog gifted it to you in an ice cave)
 17425 | IceCv    | Noticed a frost giant
 17452 | IceCv    | Killed a frost giant
 18005 | Lair:4   | Reached skill level 10 in Shields
 18008 | Lair:4   | Got a brightly glowing robe
 18040 | Lair:4   | Found a staircase to the Shoals.
 18041 | Lair:4   | Noticed Nessos
 18056 | Lair:4   | Killed Nessos
 18482 | Lair:5   | Reached skill level 15 in Maces & Flails
 18886 | Lair:5   | Found a staircase to the Slime Pits.
 19151 | Lair:6   | Entered Level 6 of the Lair of Beasts
 19447 | Lair:6   | Reached skill level 16 in Maces & Flails
 19488 | Lair:6   | Reached XP level 15. HP: 79/97 MP: 15/15
 20104 | Lair:6   | Received a gift from Trog
 20453 | Lair:6   | Got a spiked leather armour
 21222 | Orc:1    | Entered Level 1 of the Orcish Mines
 21359 | Orc:1    | Gained mutation: You are dopey. (Int -2) [a neqoxec]
 21685 | Orc:1    | Noticed Feta's ghost (journeyman HOFi)
 21720 | Orc:1    | Killed Feta's ghost
 21760 | Orc:1    | Received a gift from Trog
 21818 | Orc:1    | Reached skill level 15 in Shields
 22125 | Orc:1    | Received a gift from Trog
 22152 | Orc:1    | Noticed an orc warlord
 22170 | Orc:1    | Killed an orc warlord
 22170 | Orc:1    | Reached skill level 1 in Evocations
 22326 | Orc:1    | Noticed an orc warlord
 22368 | Orc:1    | Killed an orc warlord
 22614 | Orc:1    | Noticed an orc warlord
 22639 | Orc:1    | Killed an orc warlord
 22853 | Orc:1    | Got an ancient morningstar
 22854 | Orc:1    | Identified the +1 morningstar of Psychosis {drain, Dex+2} (You found it on level 1 of the Orcish Mines)
 22928 | Orc:2    | Entered Level 2 of the Orcish Mines
 23139 | Orc:2    | Found a staircase to the Elven Halls.
 23200 | Orc:2    | Found a roughly hewn altar of Beogh.
 23960 | Orc:2    | Reached XP level 16. HP: 90/104 MP: 18/18
 24101 | Orc:2    | Received a gift from Trog
 24428 | Orc:2    | Found a roughly hewn altar of Beogh.
 24524 | Orc:2    | Found Niluriun's Antique Armour Boutique.
 24557 | Orc:2    | Found Unas's Antique Weapon Boutique.
 24580 | Orc:2    | Found Vason's General Store.
 24620 | Orc:2    | Found Educofal's Book Boutique.
 25194 | D:14     | Found a shadowy altar of Dithmenos.
 25361 | D:14     | Found a gate to the Vaults.
 25469 | D:14     | Found Gebes's Armour Shop.
 25909 | D:15     | Entered Level 15 of the Dungeon
 26396 | D:15     | Found a staircase to the Depths.
 26535 | D:15     | Reached skill level 15 in Fighting
 26535 | D:15     | Reached skill level 5 in Evocations
 26552 | D:15     | Received a gift from Trog
 26798 | D:15     | Received a gift from Trog
 27720 | Shoals:1 | Entered Level 1 of the Shoals
 27825 | Shoals:1 | Received a gift from Trog
 28720 | Shoals:2 | Reached XP level 17. HP: 49/113 MP: 21/21
 28897 | Shoals:2 | Killed from afar by a water nymph

Skill      XL: |  1  2  3  4  5  6  7  8  9 10 11 12 13 14 15 16 |
---------------+-------------------------------------------------+-----
Fighting       | 4 5 6 7 9 11 12 13 15 | 15.5
Maces & Flails | 4 5 6 7 8 9 11 12 14 16 | 16.0
Dodging        | 2 3 4 5 |  5.0
Armour         | 3 5 7 8 10 11 12 | 12.7
Throwing       | 1 2 3 |  3.8
Slings         | 2 3 |  3.7
Shields        | 5 7 12 15 | 15.0
Evocations     | 3 5 |  5.6

Action                   |  1- 3 |  4- 6 |  7- 9 | 10-12 | 13-15 | 16-18 || total
-------------------------+-------+-------+-------+-------+-------+-------++-------
Melee: Mace              |    68 |   161 |   632 |   374 |       |       ||  1235
       Whip              |       |       |       |   129 |       |       ||   129
       Demon whip        |       |       |       |   463 |   567 |       ||  1030
       Eveningstar       |       |       |       |       |   975 |       ||   975
       Morningstar       |       |       |       |       |   153 |   738 ||   891
Invok: Berserk           |     1 |     3 |     4 |     8 |     5 |     3 ||    24
       Trog's Hand       |       |     1 |       |       |       |     2 ||     3
 Abil: Fly               |       |       |       |       |     1 |       ||     1
Evoke: Lamp of fire      |       |       |       |       |       |     1 ||     1
  Use: Scroll            |       |       |       |    11 |     3 |       ||    14
       Potion            |       |       |       |       |       |     1 ||     1
 Stab: Distracted        |       |       |       |       |     1 |       ||     1
  Eat: Chunk             |       |     7 |    16 |    28 |    35 |    18 ||   104
       Ration            |       |       |     1 |     2 |     1 |     1 ||     5
Armor: Animal skin       |    53 |    13 |       |       |       |       ||    66
       Chain mail        |       |    65 |   378 |   336 |   492 |   285 ||  1556
Dodge: Dodged            |    75 |    99 |   353 |   321 |   405 |   245 ||  1498
Block: Other             |       |       |    23 |       |       |       ||    23
       Buckler           |       |       |       |   192 |    76 |       ||   268
       Reflection        |       |       |       |     2 |    16 |    85 ||   103
       Shield            |       |       |       |       |   866 |   674 ||  1540
